 Dungeon Crawl Stone Soup version 0.31-a0-981-geadf994542 (webtiles) character file.

Game seed: 12933047092318532441

227 jasper the Conjurer (level 5, -8/28 HPs)
             Began as a Deep Elf Conjurer on Oct 31, 2023.
             Killed from afar by Ijyb (14 damage)
             ... with a bolt of dispelling energy
             ... on level 3 of the Dungeon.
             The game lasted 00:06:17 (2513 turns).

jasper the Conjurer (Deep Elf Conjurer)             Turns: 2513, Time: 00:06:18

Health: -8/28      AC:  2    Str:  4    XL:     5   Next: 70%
Magic:  9/13       EV: 12    Int: 25    God:
Gold:   102        SH:  0    Dex: 13    Spells: 1/12 levels left

rFire   + . .        l - +1 short sword (venom)
rCold   . . .        (no shield)
rNeg    . . .        a - +0 robe
rPois   .            (no helmet)
rElec   .            (no cloak)
rCorr   .            (no gloves)
SInv    .            (no boots)
Will    .....        (no amulet)
Stlth   ++           m - ring of protection from fire
HPRegen 0.24/turn    (no ring)
MPRegen 0.13/turn

%: no passive effects
@: no status effects
A: no striking features
a: no special abilities


You were on level 3 of the Dungeon.
You visited 1 branch of the dungeon, and saw 3 of its levels.

You collected 124 gold pieces.
You spent 22 gold pieces at shops.

Inventory:

Hand Weapons
 c - a +0 spear
 l - a +1 short sword of venom (weapon)
Armour
 a - a +0 robe (worn)
 f - an orb of light
Jewellery
 m - a ring of protection from fire (left hand)
Scrolls
 d - a scroll of immolation
 h - 2 scrolls of noise {unknown}
 k - a scroll of revelation {unknown}
Potions
 b - a potion of magic
 e - a potion of attraction
 g - 2 potions of heal wounds
 i - a potion of might {unknown}
 j - a potion of cancellation {unknown}
 n - a potion of haste {unknown}


   Skills:
 - Level 2.4 Dodging
 - Level 2.4 Stealth
 - Level 4.0 Spellcasting
 - Level 6.5 Conjurations
 + Level 3.8 Hexes


You had one spell level left.
You knew the following spells:

 Your Spells              Type           Power      Damage    Failure   Level
a - Magic Dart            Conj           100%       1d8       1%          1
b - Searing Ray           Conj           74%        2d7       1%          2
c - Fulminant Prism       Conj/Hex       15%        3d10      11%         4
d - Iskenderun's Mystic   Conj/Tloc      21%        2d6       24%         4

Your spell library contained the following spells:

 Spells                   Type           Power      Damage    Failure   Level
 Dazzling Flash           Conj/Hex       60%        N/A       3%          3


Dungeon Overview and Level Annotations

Branches:
Dungeon (3/15)

Altars:
Ashenzari
Cheibriados
Gozag
Hepliaklqana
Xom
Yredelemnul

Shops:
D:1 *

Annotations:
D:2 1 runed translucent door, Crazy Yiuf
D:3 Ijyb


Message History

The adder hisses angrily.
A quokka comes into view.
You now have 12/13 mp.
Aiming: Magic Dart (safe; 1% risk of failure)
Press: ? - help, Q - select action, (/) - cycle Shift-Dir - straight line, f/p - adder
Aim: an adder (heavily wounded, 100% to hit)
The magic dart hits the adder!
You kill the adder!
You now have 11/13 mp.
Aiming: Magic Dart (safe; 1% risk of failure)
Press: ? - help, Q - select action, (/) - cycle Shift-Dir - straight line, f - quokka
Aim: a quokka (100% to hit)
The magic dart hits the quokka.
You kill the quokka!
You now have 10/13 mp.
Found an escape hatch in the ceiling.
MP restored: 13
Aiming: Magic Dart (safe; 1% risk of failure)
Press: ? - help, Q - select action, (/) - cycle Shift-Dir - straight line, f - you
Okay, then.
Ijyb the Twisted Goblin comes into view.
She is wielding a +0 dagger and carrying a wand of quicksilver.
Ijyb is nearby!
Casting: Magic Dart (safe; 1% risk of failure)
Confirm with . or Enter, or press ? or * to list all spells.
Aiming: Fulminant Prism (extremely dangerous; 11% risk of failure)
Press: ? - help, Dir - move target You conjure a prism of explosive energy!
A fulminant prism comes into view.
You now have 9/13 mp.
Your fulminant prism crackles loudly.
Found a bubbling amethyst potion.
You hear an explosion!
You hear a shout!
The blast of energy engulfs you!!
Ouch! That really hurt!
* * * LOW HITPOINT WARNING * * *
You hear a shout! x2
You take 23 damage, and have 5/28 hp.
MASSIVE DAMAGE!!
Ijyb zaps a wand.
The bolt of dispelling energy hits you!
Ouch! That really hurt!
You die...

#######...# #.## ..#
#...# #.## #####.# #...
#...#.# #... #.#.#.#
#... #.#...# #...
#####..<..######## #...
#..g.............# #...
#####@.........# #.).
##..........####...
#..................##
#..?..........##.....
#............>##.....
........†......##.....
..#.............##.....
...#^...######.####.....
.! #....# #.# #.....


You could see Ijyb.

Vanquished Creatures
  An orc priest (D:3)
  2 jellies (D:2)
  An orc wizard (D:3)
  3 adders
  A worm (D:2)
  3 dart slugs
  5 orcs (D:3)
  5 ball pythons
  13 endoplasms
  3 giant cockroaches
  6 goblins
  7 hobgoblins
  8 kobolds (D:2)
  2 quokkas
  4 bats
  3 frilled lizards
  4 rats
71 creatures vanquished.

Vanquished Creatures (others)
  A fulminant prism (D:3)
1 creature vanquished.

Grand Total: 72 creatures vanquished

Notes
Turn   | Place    | Note
-------+----------+-------------------------------------------
     0 | D:1      | jasper the Deep Elf Conjurer began the quest for the Orb.
     0 | D:1      | Reached XP level 1. HP: 10/10 MP: 6/6
   144 | D:1      | Reached XP level 2. HP: 15/15 MP: 5/8
   147 | D:1      | Learned a level 2 spell: Searing Ray
   353 | D:1      | Found a faded altar of an unknown god.
   550 | D:1      | Reached skill level 5 in Conjurations
   592 | D:1      | Found Posixt's General Store.
   596 | D:1      | Bought a scroll of identify for 22 gold pieces
   654 | D:1      | Reached XP level 3. HP: 19/19 MP: 7/10
   979 | D:2      | Found a runed translucent door.
   980 | D:2      | Noticed Crazy Yiuf
  1478 | D:2      | Found a snail-covered altar of Cheibriados.
  1478 | D:2      | Found a hazy altar of Hepliaklqana.
  1478 | D:2      | Found an opulent altar of Gozag.
  1478 | D:2      | Found a basalt altar of Yredelemnul.
  1478 | D:2      | Found a broken altar of Ashenzari.
  1478 | D:2      | Found a shimmering altar of Xom.
  1519 | D:2      | Reached XP level 4. HP: 24/24 MP: 9/12
  1520 | D:2      | Reached skill level 6 in Conjurations
  1528 | D:2      | Learned a level 4 spell: Fulminant Prism
  1533 | D:2      | Learned a level 4 spell: Iskenderun's Mystic Blast
  2005 | D:3      | Reached XP level 5. HP: 28/28 MP: 8/13
  2023 | D:3      | Reached skill level 1 in Hexes
  2113 | D:3      | Found a snail-covered altar of Cheibriados.
  2508 | D:3      | Noticed Ijyb
  2513 | D:3      | Killed from afar by Ijyb

Illustrated notes

Levels and vault maps discovered:
D:1:      minmay_arrival_plants_in_alcoves, layout_basic,
          shapermc_ecumenical_altar_mp_ritualfount, serial_shops, shop
D:2:      cheibrodos_fertilizer, layout_basic, uniq_crazy_yiuf_cottage
D:3:      layout_basic, lemuel_round_altar, uniq_ijyb

Skill      XL: |  1  2  3  4  5 |
---------------+----------------+-----
Spellcasting   | 4 |  4.0
Conjurations   | 5 6 |  6.5
Hexes          | 3 |  3.8
Dodging        | |  2.4
Stealth        | |  2.4

Action                     |  1- 3 |  4- 6 || total
---------------------------+-------+-------++-------
  Melee: Spear             |     2 |       ||     2
         Short sword       |    16 |     6 ||    22
         Punch             |     1 |       ||     1
   Cast: Magic Dart        |    60 |    22 ||    82
         Searing Ray       |     6 |     6 ||    12
         Fulminant Prism   |       |     1 ||     1
    Use: Scroll            |     5 |       ||     5
 Armour: Robe              |    12 |     4 ||    16
  Dodge: Dodged            |    15 |     3 ||    18

Table legend: (Time is in decaauts)
 A = Elapsed time spent in this place.
 B = Non-inter-level travel time spent in this place.
 C = Inter-level travel time spent in this place.
 D = Time resting spent in this place.
 E = Time spent auto-exploring this place.
 F = Levels seen in this place.
 G = Mean time per level.
                   A        B        C        D        E       F      G
               +--------+--------+--------+--------+--------+-----+--------+
         Total |   2511 |   2462 |     49 |      9 |   2114 |   3 |  837.0 |
       Dungeon |   2511 |   2462 |     49 |      9 |   2114 |   3 |  837.0 |
               +--------+--------+--------+--------+--------+-----+--------+

Top non-repeatable levels by time:
     D:2: 1090 daAuts
     D:1: 831 daAuts
     D:3: 590 daAuts
